 Dungeon Crawl Stone Soup version 0.29.1-2-gbd0b4ee654 (webtiles) character file.

Game seed: 12969057899942500717

2404 Twinkles the Covert (level 9, 0/68 HPs)
             Began as a Vampire Brigand on Nov 1, 2022.
             Was a Believer of Uskayaw.
             Killed by divine providence
             ... invoked by an orc priest
              (15 damage)
             ... on level 7 of the Dungeon.
             The game lasted 00:22:59 (5556 turns).

Twinkles the Covert (Vampire Brigand)               Turns: 5556, Time: 00:23:00

Health: 0/68       AC:  7    Str: 10    XL:     9   Next: 23%
Magic:  0/11       EV: 15    Int: 21    God:    Uskayaw [**....]
Gold:   134        SH:  0    Dex: 29    Spells: 8/8 levels left

rFire   . . .      SeeInvis +   a - +2 dagger (elec)
rCold   . . .      Faith    .   (no shield)
rNeg    . . .      Spirit   +   j - +0 ring mail
rPois   .          Reflect  .   (no helmet)
rElec   .          Harm     .   c - +0 cloak
rCorr   .          Rampage  .   i - +0 pair of gloves
Will    .....                   (no boots)
Stlth   +++++.....              L - amulet "Osmi" {Spirit Contam Int+8 Dex+9}
HPRegen 0.41/turn               (no ring)
MPRegen 0.12/turn               (no ring)

@: healing quickly
A: alive, fangs 3, see invisible, vampiric 2
a: Exsanguinate, Renounce Religion, Stomp, Line Pass


You were on level 7 of the Dungeon.
You worshipped Uskayaw.
Uskayaw was noncommittal.
You visited 1 branch of the dungeon, and saw 7 of its levels.

You collected 330 gold pieces.
You spent 196 gold pieces at shops.

Inventory:

Hand Weapons
 a - a +2 dagger of electrocution (weapon)
 w - a +2 whip of venom
 x - a +0 rapier
 A - a +1 dagger of draining
Missiles
 d - 26 poisoned darts (quivered)
 e - 3 curare-tipped darts
 D - 3 atropa-tipped darts
Armour
 b - a +0 robe
 c - a +0 cloak (worn)
 i - a +0 pair of gloves (worn)
 j - a +0 ring mail (worn)
Jewellery
 y - an amulet of magic regeneration
 I - a ring of wizardry
 L - the amulet "Osmi" (around neck) {Spirit Contam Int+8 Dex+9}
   (You bought it in a shop on level 7 of the Dungeon)

   [amulet of guardian spirit]

   It causes incoming damage to be divided between your reserves of health and
   magic.
   Int:       It affects your intelligence (+8).
   Dex:       It affects your dexterity (+9).
   Contam:    It causes magical contamination when unequipped.
Wands
 F - a wand of light (3)
 G - a wand of mindburst (10)
 J - a wand of iceblast (10)
Scrolls
 f - a scroll of brand weapon
 l - 2 scrolls of noise
 n - a scroll of torment
 p - a scroll of vulnerability
 q - a scroll of amnesia {unknown}
 r - a scroll of acquirement {unknown}
 s - a scroll of blinking {unknown}
 u - 3 scrolls of silence
 z - 3 scrolls of teleportation {unknown}
 B - 3 scrolls of immolation {unknown}
 C - 6 scrolls of identify
 K - a scroll of fog {unknown}
Potions
 g - 2 potions of resistance
 h - 6 potions of curing
 k - 2 potions of haste
 m - 2 potions of cancellation
 o - a potion of degeneration {unknown}
 t - 2 potions of might
 v - 2 potions of ambrosia {unknown}
 E - a potion of lignification {unknown}
 H - 2 potions of brilliance {unknown}
 M - a potion of berserk rage {unknown}


   Skills:
 + Level 5.4 Fighting
 + Level 6.6 Short Blades
 - Level 1.5 Throwing
 + Level 6.3 Dodging
 + Level 10.8 Stealth
 + Level 3.9 Invocations


You had 8 spell levels left.
You didn't know any spells.
Your spell library contained the following spells:

 Spells                   Type           Power      Damage    Failure   Level
 Necrotise                Necr           0%         1d4       43%         1
 Vampiric Draining        Necr           0%         2d6       80%         3
 Agony                    Necr           0%         N/A       100%        5


Dungeon Overview and Level Annotations

Branches:
Dungeon (7/15)             Temple (0/1) D:5

Altars:
Gozag
Okawaru
Ru
Trog
Uskayaw

Shops:
D:1 :[=(   D:7 *

Annotations:
D:5 1 runed translucent door, Crazy Yiuf
D:6 exclusions: adder and steam dragon, Dowan, Duvessa


Innate Abilities, Weirdness & Mutations

Your natural rate of healing is accelerated.
You have razor-sharp teeth.
You have supernaturally acute eyesight. (SInv)
You are afflicted with vampirism and can become a bat while bloodless.


Message History

You hit the orc wizard but do no damage.
Lightning courses through the orc wizard!
Your bite misses the orc wizard.
The orc wizard is severely wounded.
You can now pass through a line of other dancers.
Aiming: Line Pass
Press: ? - help, Dir - move target The orc wizard appears confused.
The orc priest appears confused.
You can no longer pass through a line of other dancers.
The orc wizard closely misses the orc.
You hit the orc priest.
Lightning courses through the orc priest!
The orc priest is severely wounded.
The orc wizard hits the orc but does no damage.
You closely miss the orc.
The orc wizard seems less confused.
The orc priest seems less confused.
The orc barely misses you.
You hit the orc wizard.
The orc wizard is almost dead.
You can now pass through a line of other dancers.
You don't have enough magic at the moment.
You hit the orc.
The orc is severely wounded.
The orc wizard closely misses you. The orc closely misses you.
The orc priest calls upon Beogh to heal the orc.
The orc's wounds heal themselves!
You closely miss the orc.
The orc wizard points at you and mumbles some strange words.
The puff of flame hits you!
* * * LOW HITPOINT WARNING * * *
The orc hits you with a +0 whip.
* * * LOW HITPOINT WARNING * * *
Okay, then.
Unknown command.
You hit the orc wizard.
You kill the orc wizard!
You hit the orc but do no damage. Lightning courses through the orc!
You kill the orc!
The orc priest calls down the wrath of Beogh upon you.
Beogh smites you!
You die...

## ... .... #####
.....## ###...#######
.......#####.......)....
#.@)o#..#...#######
###)o..##...#######
....#....)..........
...o.#)......#######
......)####...# .......
#)..# ....... #..>#
...<..# ###[### ##
.#...# #...####.


You could see an orc priest and an orc (strong).

Vanquished Creatures
  Pikel (D:7)
  A steam dragon (D:7)
  A black bear (D:6)
  An ice beast (D:7)
  An ogre (D:4)
  A lemure (D:7)
  A kobold brigand (D:7)
  3 phantoms
  Blork the orc (D:5)
  2 necrophages
  3 bullfrogs
  7 scorpions
  3 hounds
  2 jellies
  3 orc priests
  2 orc wizards
  4 adders
  3 shadow imps
  2 white imps (D:5)
  An ufetubus (D:5)
  A worm (D:2)
  4 dart slugs
  26 orcs
  4 ball pythons
  2 bats (D:1)
  8 endoplasms
  3 giant cockroaches
  5 goblins
  7 hobgoblins
  13 kobolds
  2 quokkas
  3 frilled lizards
  9 rats
130 creatures vanquished.

Vanquished Creatures (others)
  2 plants (D:7)
2 creatures vanquished.

Grand Total: 132 creatures vanquished

Notes
Turn   | Place    | Note
-------+----------+-------------------------------------------
     0 | D:1      | Twinkles the Vampire Brigand began the quest for the Orb.
     0 | D:1      | Reached XP level 1. HP: 16/16 MP: 1/1
   173 | D:1      | Found Simesueh's Weapon Shop.
   341 | D:1      | Found a faded altar of an unknown god.
   347 | D:1      | Prayed at the altar of an unknown god.
   347 | D:1      | Became a worshipper of Uskayaw the Reveller
   347 | D:1      | Reached * piety under Uskayaw
   356 | D:1      | Found Hoddukhly's Armour Boutique.
   367 | D:1      | Reached skill level 6 in Stealth
   433 | D:1      | Found Wibbewko's Book Shoppe.
   520 | D:1      | Reached XP level 2. HP: 22/22 MP: 2/2
   542 | D:1      | Reached ** piety under Uskayaw
   629 | D:1      | Found Ypiodd's Jewellery Shop.
  1186 | D:2      | Gained mutation: You are afflicted with vampirism and can
                  | become a bat while bloodless. [Vampire growth]
  1186 | D:2      | Reached XP level 3. HP: 26/27 MP: 3/3
  1208 | D:2      | Reached *** piety under Uskayaw
  1602 | D:3      | Reached XP level 4. HP: 26/34 MP: 4/4
  1954 | D:3      | Found an opulent altar of Gozag.
  2194 | D:4      | Noticed a necrophage
  2197 | D:4      | Killed a necrophage
  2198 | D:4      | Reached skill level 7 in Stealth
  2198 | D:4      | Reached XP level 5. HP: 40/40 MP: 5/5
  2605 | D:4      | Reached XP level 6. HP: 41/47 MP: 6/6
  2691 | D:4      | Reached skill level 8 in Stealth
  3164 | D:5      | Entered Level 5 of the Dungeon
  3193 | D:5      | Found a runed translucent door.
  3194 | D:5      | Noticed Crazy Yiuf
  3243 | D:5      | Reached XP level 7. HP: 36/53 MP: 7/7
  3328 | D:5      | Reached skill level 1 in Invocations
  3476 | D:5      | Noticed Blork the orc
  3504 | D:5      | Killed Blork the orc
  3559 | D:5      | Reached skill level 5 in Short Blades
  3587 | D:5      | Found a staircase to the Ecumenical Temple.
  3650 | D:5      | Found an iron altar of Okawaru.
  3817 | D:5      | Reached skill level 9 in Stealth
  4022 | D:6      | Reached XP level 8. HP: 60/60 MP: 9/9
  4289 | D:6      | Noticed Duvessa
  4289 | D:6      | Noticed Dowan
  4313 | D:6      | Reached skill level 5 in Dodging
  4481 | D:6      | Found a sacrificial altar of Ru.
  4483 | D:6      | Found a bloodstained altar of Trog.
  4848 | D:7      | Found Misiuwa's Assorted Antiques.
  4911 | D:7      | Bought a scroll labelled PAEHUCUTOGH for 28 gold pieces
  4911 | D:7      | Bought a scroll labelled TETIOHOEXYI for 28 gold pieces
  4911 | D:7      | Bought a faintly glowing tin amulet for 140 gold pieces
  4911 | D:7      | Identified the amulet "Osmi" {Spirit Contam Int+8 Dex+9}
                  | (You bought it in a shop on level 7 of the Dungeon)
  4944 | D:7      | Noticed Pikel
  4973 | D:7      | Killed Pikel
  4974 | D:7      | Reached skill level 5 in Fighting
  4974 | D:7      | Reached skill level 10 in Stealth
  5037 | D:7      | Reached XP level 9. HP: 37/68 MP: 1/11
  5556 | D:7      | Killed from afar by an orc priest

Illustrated notes

Levels and vault maps discovered:
D:1:      dpeg_arrival_rooms_b, layout_basic, serial_shops,
          nicolae_shop_hallway_plus, nicolae_shop_behind_doors,
          nicolae_shop_trees, nicolae_lakefront_shop,
          ebering_ecumenical_altar_hall
D:2:      layout_rooms, minmay_tetromino_t4
D:3:      layout_basic, lemuel_doored_altar, hex_medium
D:4:      dreamdust_elfheim, layout_loops_ring
D:5:      layout_rooms, okawaru_ov_weapons_minmay,
          minmay_temple_entry_water_ring, uniq_blork_the_orc,
          uniq_crazy_yiuf_cottage
D:6:      layout_basic, mainiacjoe_overflow_catch_the_wave, uniq_duvessa
D:7:      lemuel_ice_spiral_2, layout_rooms, serial_shops,
          nicolae_shop_overgrown_old_shop, uniq_pikel

Skill      XL: |  1  2  3  4  5  6  7  8 |
---------------+-------------------------+-----
Stealth        | 6 7 8 9 10 | 10.8
Fighting       | 2 3 4 5 |  5.4
Dodging        | 2 3 4 6 |  6.3
Short Blades   | 3 4 5 6 |  6.6
Invocations    | 2 3 |  3.9
Throwing       | |  1.5

Action                   |  1- 3 |  4- 6 |  7- 9 || total
-------------------------+-------+-------+-------++-------
Melee: Dagger            |   126 |   119 |   216 ||   461
       Bite              |     8 |     8 |    25 ||    41
       Punch             |     4 |     1 |     4 ||     9
Throw: Dart              |       |       |    12 ||    12
Invok: Line Pass         |       |     2 |     5 ||     7
Evoke: Wand              |       |       |     3 ||     3
  Use: Scroll            |     2 |     8 |       ||    10
 Stab: Sleeping          |     7 |     7 |     5 ||    19
       Paralysed         |     2 |     2 |     2 ||     6
       Distracted        |       |     1 |     3 ||     4
       Confused          |       |     1 |     1 ||     2
Armor: Robe              |     2 |       |       ||     2
       Ring mail         |    52 |    23 |    44 ||   119
Dodge: Dodged            |    57 |    50 |    74 ||   181
